 Dungeon Crawl Stone Soup version 0.14-a0-953-g9e7f188 (webtiles) character file.

1259 Psiweapon the Insei (level 8, -2/64 HPs)
             Began as a White Draconian Transmuter on Nov 20, 2013.
             Slain by a wraith (10 damage)
             ... on Level 6 of the Dungeon.
             The game lasted 00:31:28 (5946 turns).

Psiweapon the Insei (White Draconian Transmuter)    Turns: 5946, Time: 00:31:30

HP  -2/64        AC  6     Str 13      XL: 8   Next:  8%
MP   4/12        EV 14     Int 14      God:
Gold 184         SH  0     Dex 13      Spells:  2 memorised,  8 levels left

Res.Fire  : . . .   See Invis. : .     - Unarmed
Res.Cold  : + . .   Warding    : .   (armour unavailable)
Life Prot.: . . .   Conserve   : .   (no shield)
Res.Poison: .       Res.Corr.  : .   (helmet restricted)
Res.Elec. : .       Clarity    : .   (no cloak)
Sust.Abil.: . .     Spirit.Shd : .   (no gloves)
Res.Mut.  : .       Rnd.Telep. : +   (no boots)
Res.Rott. : .       Flight     : .   (no amulet)
Saprovore : . . .                    I - cursed ring of teleportation
                                     D - ring of regeneration

@: very poisoned, slowed, very slow, slightly resistant to hostile enchantments,
unstealthy
A: breathe frost, unfitting armour, cold resistance 1, AC +6
a: Breathe Frost, Evoke Teleportation


You were on level 6 of the Dungeon.
You were very hungry.

You visited 1 branch of the dungeon, and saw 6 of its levels.

You collected 184 gold pieces.

Inventory:

Hand weapons
 j - a +1,+2 orcish war axe of flaming
 s - a +2,+2 dagger of pain
 v - a +0,+0 sling
 F - a +0,+0 orcish flail
 G - a +0,+0 great mace
Missiles
 b - 20 arrows
 m - 2 poisoned tomahawks (quivered)
 y - 41 sling bullets
Magical devices
 k - a wand of confusion (16)
 u - a wand of confusion (0)
 B - a wand of magic darts (4)
Comestibles
 a - 4 bread rations
 r - 2 meat rations
 C - a choko
 J - an orange
 K - 3 chunks of giant frog flesh
 L - a pear
Scrolls
 i - a scroll of amnesia
 l - a scroll of magic mapping {unknown}
 n - 2 scrolls of fog
 p - a scroll of teleportation {unknown}
 q - a scroll of enchant weapon I {unknown}
 t - a scroll of enchant armour {unknown}
 w - a scroll of noise {unknown}
 E - a scroll of enchant weapon II {unknown}
 M - a scroll of recharging {unknown}
Jewellery
 c - an uncursed ring of fire
 D - a ring of regeneration (left hand)
 I - a cursed ring of teleportation (right hand)
Potions
 e - a potion of curing
 f - 3 potions of speed
 g - a potion of might
 o - 2 potions of brilliance
 x - 2 potions of restore abilities
 z - a potion of slowing
 H - a potion of flight
Books
 d - a book of Changes

   Spells                             Type                      Level
   *Beastly Appendage                 Transmutation                1
   *Sticks to Snakes                  Transmutation                2
   Spider Form                        Transmutation/Poison         3
   Ice Form                           Ice/Transmutation            4
   Blade Hands                        Transmutation                5
Magical staves
 A - an uncursed staff of conjuration


   Skills:
 + Level 5.0 Fighting
 + Level 4.6 Dodging
 + Level 5.5 Unarmed Combat
 - Level 2.0 Spellcasting
 + Level 5.1 Transmutations


You had 8 spell levels left.
You knew the following spells:

 Your Spells              Type           Power        Failure   Level  Hunger
a - Beastly Appendage     Trmt           ###...       2%          1    ##.....
b - Sticks to Snakes      Trmt           ###.......   4%          2    ###....


Dungeon Overview and Level Annotations

Branches:
Dungeon (6/16)
 Temple: D:4-7          Orc: D:6-11

Altars:
Elyvilon
Fedhas
Makhleb
Trog
Zin


Innate Abilities, Weirdness & Mutations

You can breathe waves of freezing cold.
You can buffet flying creatures when you breathe cold.
Your icy white scales are hard (AC +6).
Your body does not fit into most forms of armour.
Your cold-blooded metabolism reacts poorly to cold.
Your flesh is cold resistant.


Message History

Unknown command.
You hit the orc wizard. You tail-slap the orc wizard.
The orc wizard is heavily wounded.
* * * LOW HITPOINT WARNING * * *
You feel sick.
You feel a little better.
The orc wizard hits you but does no damage.
You are more poisoned.
The wraith barely misses you.
The orc wizard hits you with an orcish dagger of venom.
* * * LOW HITPOINT WARNING * * *
You are more poisoned.
You hit the orc wizard.
The orc wizard is almost dead.
* * * LOW HITPOINT WARNING * * *
You feel sick.
The orc wizard gestures at you while chanting.
The puff of flame misses you. The wraith completely misses you.
The orc wizard misses you. The wraith hits you!
You die...

+..< ###. .. #..
..Z #..! ....
###################
.#..#
#.P.P.P.P.@o.......
.
#.........#W.......
#.........#.......
#SSP.P.P.P#.......
#C##############+#
#.........#
#.........# .
#.........# #.
#....[....# #.


You could see a wraith and an orc wizard.

Vanquished Creatures
  A centaur (D:5)
  3 ogres
  A giant frog (D:5)
  The ghost of wojtek the Chopper, a weakling MiFi (D:3)
  A giant frog zombie (D:4)
  A crimson imp (D:5)
  2 hounds
  3 scorpions
  4 worker ants
  2 iguanas
  Jessica (D:2)
  6 adders
  An adder skeleton (D:5)
  3 giant geckos
  4 oozes
  13 orcs
  5 bats
  A bat skeleton (D:4)
  4 giant cockroaches
  12 goblins
  10 hobgoblins
  6 jackals
  3 quokkas
  3 ball pythons
  7 giant newts
  11 kobolds
  A quokka skeleton (D:4)
  14 rats
  A rat skeleton (D:5)
125 creatures vanquished.

Vanquished Creatures (collateral kills)
  A necrophage (D:6)
  A crimson imp (D:6)
  An adder (D:3)
  2 worms (D:3)
5 creatures vanquished.

Grand Total: 130 creatures vanquished

Notes
Turn   | Place    | Note
--------------------------------------------------------------
     0 | D:1      | Psiweapon, the Draconian Transmuter, began the quest for the Orb.
     0 | D:1      | Reached XP level 1. HP: 16/16 MP: 1/1
   422 | D:1      | Reached XP level 2. HP: 15/23 MP: 0/3
  1179 | D:2      | Reached XP level 3. HP: 25/28 MP: 2/4
  1608 | D:2      | Noticed Jessica
  1620 | D:2      | Killed Jessica
  1853 | D:2      | Reached XP level 4. HP: 18/36 MP: 6/6
  2446 | D:3      | Learned a level 2 spell: Sticks to Snakes
  3072 | D:3      | Noticed wojtek's ghost (weakling MiFi)
  3093 | D:3      | Killed wojtek's ghost
  3093 | D:3      | Reached skill level 4 in Unarmed Combat
  3093 | D:3      | Reached XP level 5. HP: 15/41 MP: 1/7
  4040 | D:4      | Reached XP level 6. HP: 41/49 MP: 7/9
  4158 | D:4      | Noticed an ogre
  4171 | D:4      | Killed an ogre
  4174 | D:4      | Found a white marble altar of Elyvilon.
  4234 | D:4      | Found a burning altar of Makhleb.
  4241 | D:4      | Found a glowing silver altar of Zin.
  4241 | D:4      | Noticed a balrug
  4241 | D:4      | Noticed an angel
  4362 | D:4      | Found a bloodstained altar of Trog.
  4724 | D:4      | Found a blossoming altar of Fedhas.
  4845 | D:4      | Noticed an ogre
  4890 | D:4      | Killed an ogre
  4890 | D:4      | Your scales start taking on an icy white colour.
  4890 | D:4      | Gained mutation: Your flesh is cold resistant. [draconian maturity]
  4890 | D:4      | Reached XP level 7. HP: 51/56 MP: 1/10
  4996 | D:5      | Entered Level 5 of the Dungeon
  5154 | D:5      | Reached skill level 5 in Unarmed Combat
  5885 | D:6      | Noticed a hill giant
  5899 | D:6      | Reached skill level 5 in Transmutations
  5911 | D:6      | Reached XP level 8. HP: 48/63 MP: 0/12
  5917 | D:6      | Reached skill level 5 in Fighting
  5924 | D:6      | Noticed a wraith
  5946 | D:6      | Slain by a wraith

Action                   |  1- 3 |  4- 6 |  7- 9 || total
-------------------------+-------+-------+-------++-------
Melee: Unarmed           |   148 |   242 |   156 ||   546
Throw: Tomahawk          |       |     2 |       ||     2
 Cast: Beastly Appendage |    19 |    32 |     9 ||    60
       Sticks to Snakes  |       |    12 |     5 ||    17
 Abil: Breathe Frost     |       |       |     3 ||     3
       End Transformatio |       |       |     1 ||     1
Evoke: Wand              |       |    10 |       ||    10
  Use: Scroll            |       |     7 |     2 ||     9
       Potion            |       |     1 |     2 ||     3
 Stab: Sleeping          |     1 |       |       ||     1
